 Dungeon Crawl Stone Soup version 0.24.1-14-gf8d2b50 (webtiles) character file.

Game seed: 4856421629685580793, levelgen mode: deterministic

219 silenth the Ruffian (level 5, -1/53 HPs)
             Began as a Troll Fighter on June 6, 2020.
             Killed from afar by an orc wizard (4 damage)
             ... with a magic dart
             ... on level 4 of the Dungeon.
             The game lasted 00:03:03 (2428 turns).

silenth the Ruffian (Troll Fighter)                 Turns: 2428, Time: 00:03:03

Health: -1/53      AC:  6    Str: 30    XL:     5   Next: 63%
Magic:  4/4        EV:  7    Int:  4    God:
Gold:   201        SH:  9    Dex:  9    Spells: 4/4 levels left

rFire    . . .     SeeInvis .     - Unarmed
rCold    . . .     Gourm    +   b - +0 shield
rNeg     . . .     Faith    .   a - +0 robe
rPois    .         Spirit   .   (helmet restricted)
rElec    .         Reflect  .   (no cloak)
rCorr    .         Harm     .   (gloves unavailable)
MR       +....                  (boots unavailable)
Stlth    +.........             (no amulet)
HPRegen  0.57/turn              s - ring of protection from magic
MPRegen  0.09/turn              (no ring)

@: mighty, heavily drained
A: large, unfitting armour, claws 3, fast metabolism 3, gourmand, regeneration
1, shaggy fur 1, tough skin 3
a: no special abilities


You were on level 4 of the Dungeon.
You were very full.

You visited 1 branch of the dungeon, and saw 4 of its levels.

You collected 201 gold pieces.

Inventory:

Missiles
 g - 11 boomerangs (quivered)
 j - 2 datura-tipped darts
Armour
 a - a +0 robe (worn)
 b - a +0 shield (worn)
Jewellery
 s - a ring of protection from magic (left claw)
 t - an uncursed amulet of harm
Wands
 k - a wand of paralysis (8)
Scrolls
 i - 3 scrolls of teleportation {unknown}
 l - a scroll of noise {unknown}
 m - a scroll of enchant armour {unknown}
 n - 3 scrolls of identify {unknown}
 p - 2 scrolls of immolation {unknown}
 q - a scroll of enchant weapon {unknown}
 u - a scroll of remove curse {unknown}
Potions
 d - 2 potions of haste {unknown}
 f - 2 potions of resistance {unknown}
 h - a potion of brilliance {unknown}
 o - a potion of curing {unknown}
Comestibles
 e - 4 rations


   Skills:
 + Level 3.4(2.2) Fighting
 - Level 3.2(2.0) Dodging
 - Level 3.1(1.9) Shields
 * Level 3.8(2.6) Unarmed Combat


You had 4 spell levels left.
You didn't know any spells.
Your spell library contained the following spells:

 Spells                   Type           Power        Failure   Level  Hunger
 Animate Skeleton         Necr           N/A          95%         1    ##.....
 Apportation              Tloc           #.....       95%         1    ##.....
 Confusing Touch          Hex            #.....       95%         1    ##.....
 Summon Small Mammal      Summ           #...         95%         1    ##.....


Dungeon Overview and Level Annotations

Branches:
Dungeon (4/15)
 Temple: D:4-7

Altars:
Ashenzari


Innate Abilities, Weirdness & Mutations

You are too large for most types of armour.
You have claws for hands.
Your metabolism is lightning-fast.
You like to eat raw meat.
Your natural rate of healing is unusually fast.
You are covered in fur. (AC +1)
You have extremely tough skin. (AC +3)


Message History

Your shield prevents you from hitting the orc wizard.
The orc wizard hits you but does no damage.
The orc wizard hits you with a +0 dagger.
* * * LOW HITPOINT WARNING * * *
You claw the orc wizard!
The orc wizard is heavily wounded.
The orc wizard hits you but does no damage.
The frilled lizard hisses.
You scratch the orc wizard.
The orc wizard is almost dead.
The orc wizard mumbles some strange words.
The orc wizard flickers and vanishes!
Deactivating autopickup; reactivate with Ctrl-A.
Something hits you but does no damage.
You completely miss something. Something hits you but does no damage.
You barely miss something.
You hear some strange, mumbled words.
A magic dart appears from out of thin air!
The magic dart hits you.
You die...

................ ..
................
...................
..................#
....##.............
.......#o[)).......
.......#..o........
/.<....##o.<....░.
.......@{lo.....?.░
.......###o.....░..
####### ##.......░
#####.░.. .!.░ ░..
.░


You could see 4 orcs and a frilled lizard.

Vanquished Creatures
  A scorpion (D:3)
  2 orc priests (D:4)
  2 adders (D:3)
  An ooze (D:3)
  An adder skeleton (D:4)
  2 worms (D:2)
  A dart slug (D:2)
  4 leopard geckos
  2 orcs (D:4)
  4 ball pythons
  5 giant cockroaches
  3 goblins
  8 hobgoblins
  3 jackals (D:1)
  11 kobolds
  16 bats
  2 frilled lizards
  7 rats
75 creatures vanquished.

Notes
Turn   | Place    | Note
-------+----------+-------------------------------------------
     0 | D:1      | silenth the Troll Fighter began the quest for the Orb.
     0 | D:1      | Reached XP level 1. HP: 22/22 MP: 0/0
   101 | D:1      | Reached XP level 2. HP: 29/29 MP: 1/1
   364 | D:1      | Reached XP level 3. HP: 36/36 MP: 2/2
  1693 | D:3      | Noticed a scorpion
  1700 | D:3      | Killed a scorpion
  1700 | D:3      | Reached skill level 3 in Fighting
  1700 | D:3      | Reached skill level 3 in Dodging
  1700 | D:3      | Reached skill level 3 in Shields
  1700 | D:3      | Reached XP level 4. HP: 29/45 MP: 3/3
  1893 | D:3      | Reached skill level 3 in Unarmed Combat
  1956 | D:3      | Reached XP level 5. HP: 50/53 MP: 4/4
  2353 | D:3      | Found a shattered altar of Ashenzari.
  2409 | D:4      | HP: 4/53 [leopard gecko (3)]
  2417 | D:4      | HP: 5/53 [leopard gecko (2)]
  2418 | D:4      | HP: 2/53 [leopard gecko (3)]
  2424 | D:4      | HP: 1/53 [orc wizard/+0 dagger (5)]
  2428 | D:4      | Killed from afar by an orc wizard

Levels and vault maps discovered:
D:1:      sevenhm_arrival_forest_fort_small_3, layout_loops_ring,
          bh_walls_and_bars
D:2:      layout_loops_corners
D:3:      layout_loops_ring, lemuel_round_altar, first_ration
D:4:      layout_rooms, marbit_many_paths, minmay_temple_entry_fiery,
          minmay_misc_feat_pillars

Skill      XL: |  1  2  3  4 |
---------------+-------------+-----
Fighting       | 3 |  3.4
Dodging        | 3 |  3.2
Shields        | 3 |  3.1
Unarmed Combat | 3 |  3.8

Action                   |  1- 3 |  4- 6 || total
-------------------------+-------+-------++-------
Melee: Unarmed           |   136 |   105 ||   241
  Use: Potion            |       |     1 ||     1
 Stab: Sleeping          |     1 |       ||     1
  Eat: Chunk             |    11 |    12 ||    23
       Ration            |     1 |       ||     1
Armor: Robe              |    62 |    60 ||   122
Dodge: Dodged            |    62 |    52 ||   114
Block: Shield            |    62 |    72 ||   134
